AoeStats
← Pab Mienko

Migration

508318214Analyzed
1v1 RM · 11d ago on Sep 21, 2026· 60m 58s· 2 players
Game mode
Random Map
Map size
132×132
Population
200
Speed
Normal
Resources
Standard
Victory
Conquest
Starting age
Dark Age
Ending age
Imperial Age
RankedLock teamsTeams togetherTeam positionsShared explorationLock speedFull tech treeHidden civsTurbo modeCheats
Victory
Defeat
🇹🇷 Aztecs · Türkiye
908
+16
🇬🇧 Byzantines · United Kingdom
905
-16
brightonpig
5:30 Loom
11:23 Feudal Age
14:08 Double-Bit Axe
19:35 Castle Age
28:02 Fletching
33:33 Bow Saw
36:15 Medium Warships
37:09 Light Cavalry
40:51 Horse Collar
42:16 Heavy Plow
46:43 Ballistics
49:09 Imperial Age
49:28 Murder Holes
52:20 Bodkin Arrow
58:38 Heavy Warships
Pab Mienko
8:18 Loom
11:41 Feudal Age
12:08 Double-Bit Axe
14:09 Wheelbarrow
13:52 Town Watch
22:05 Fletching
24:22 Castle Age
30:07 Bow Saw
29:52 Gold Mining
29:52 Stone Mining
29:59 Bodkin Arrow
30:18 Forging
31:32 Elite Skirmisher
33:21 Hand Cart
34:07 Padded Archer Armor
35:30 Fishing Lines
40:10 Imperial Age
37:48 Murder Holes
38:13 Ballistics
38:05 Town Patrol
40:29 Gillnets
40:50 Medium Warships
41:14 Treadmill Crane
42:38 Chemistry
45:27 Heavy Warships
45:27 Shipwright
45:18 Clinker Construction
45:18 Careening
45:14 Siege Engineers
48:40 Iron Casting
48:05 Scale Mail Armor
48:41 Fortified Wall
48:21 Arrowslits
52:21 Blast Furnace
51:36 Chain Mail Armor
59:33 Elite Jaguar Warrior
Connection lost

Rejoining the realm…

Still unreachable

The connection could not be restored.

Session expired

The server has moved on; the page needs a fresh start.